[Event "Early-Titled-Tuesday-Blitz-February-27-2024"]
[Site "Chess.com"]
[Date "2024.02.27"]
[Round "5"]
[White "francyIM"]
[Black "Actuary44"]
[Result "1-0"]
[WhiteElo "2779"]
[BlackElo "2517"]
[TimeControl "180+1"]
[EndTime "8:51:18 PST"]
[Termination "francyIM won by resignation"]

1. e4 b6 2. Bc4 Bb7 3. d3 e6 4.
Bb3 Nf6 5. Nd2 d5 6. Qe2 Be7 7. Ngf3 O-O 8. e5 Nfd7 9. c3 c5 10. h4 Nc6 11. Bc2 d4 12. a4 Qc7 13. Nc4 a6 14.
Bf4 b5 15. Ncd2 b4 16. c4 Rae8 17. Bg3 Qd8 18. Ne4 f6 19. exf6 Nxf6 20. Nfd2 e5 21. a5 Nxe4 22. Nxe4 Nxa5 23. Ba4 Bc6 24. Bxc6 Nxc6 25.
Rxa6 Qd7 26. O-O Ra8 27. Raa1 Rxa1 28. Rxa1 Qd8 29. Qg4 Qc8 30. Qxc8 Rxc8 31. Ra6 Bf6 32. Kf1 Kf7 33. Nd6+ 1-0

[Event "Early-Titled-Tuesday-Blitz-February-27-2024"]
[Site "Chess.com"]
[Date "2024.02.27"]
[Round "5"]
[White "Cheer_Down"]
[Black "ViktoriyaTarasova"]
[Result "0-1"]
[WhiteElo "2475"]
[BlackElo "2327"]
[TimeControl "180+1"]
[EndTime "8:51:25 PST"]
[Termination "ViktoriyaTarasova won by resignation"]

1. e4 e5 2. Nf3 Nc6 3. Bc4 Bc5 4. c3 Nf6 5. d3 a5 6. O-O d6 7. Nbd2 O-O 8. h3 h6 9. Re1 Be6 10. Bb5 Ba7 11. Nf1 Ne7 12. d4 c6 13. Bd3 Ng6 14. Ng3 Qc7 15. Be3 Bb6 16. Qd2 Kh7 17. Nf5 Ng8 18. g4 Rad8 19. Rad1 Bxa2 20. c4 Bb3 21. Rc1 a4 22. Qc3 Ba5 0-1

[Event "Early-Titled-Tuesday-Blitz-February-27-2024"]
[Site "Chess.com"]
[Date "2024.02.27"]
[Round "5"]
[White "elchacal664"]
[Black "ritanovikova"]
[Result "0-1"]
[WhiteElo "2414"]
[BlackElo "2244"]
[TimeControl "180+1"]
[EndTime "8:51:30 PST"]
[Termination "ritanovikova won by resignation"]

1. c4 c5 2. Nc3 Nf6 3. g3 g6 4.
Bg2 Bg7 5. Nf3 O-O 6. O-O d6 7.
Rb1 Nc6 8. a3 Nd4 9. b4 Nxf3+ 10. Bxf3 cxb4 11. axb4 Rb8 12. Re1 b6 13. Qa4 Bb7 14.
e4 a6 15. d3 Nd7 16. Bd2 Ne5 17. Be2 f5 18. b5 axb5 19. Qxb5 fxe4 20. Qxb6 Qxb6 21. Rxb6 exd3 22. Bd1 Nxc4 23. Bb3 d5 24.
Nxd5 Bxd5 25. Rxb8 Rxb8 0-1

[Event "Early-Titled-Tuesday-Blitz-February-27-2024"]
[Site "Chess.com"]
[Date "2024.02.27"]
[Round "5"]
[White "mjray79"]
[Black "RamonManon0g"]
[Result "0-1"]
[WhiteElo "2744"]
[BlackElo "2422"]
[TimeControl "180+1"]
[EndTime "8:51:32 PST"]
[Termination "RamonManon0g won by resignation"]

1. c4 e5 2. Nc3 g6 3. Nf3 Bg7 4. d4 exd4 5. Nxd4 Ne7 6. g3 Nbc6 7. Nxc6 Nxc6 8. Bg2 O-O 9. O-O d6 10. Nd5 Bg4 11.
h3 Bf5 12. e4 Be6 13. Rb1 Nd4 14. Be3 c5 15. b4 b6 16. f4 Bxd5 17. cxd5 Rc8 18.
bxc5 bxc5 19. Qa4 Ne2+ 20. Kh2 Nc3 21. Qxa7 Nxb1 22. Rxb1 Ra8 23. Qb7 Rb8 24. Qxb8 Qxb8 25.
Rxb8 Rxb8 26. e5 c4 27. exd6 Rd8 28. Bc5 Bf8 29. Bf1 c3 30. Bd3 Bxd6 31. Bd4 Bb4 32. Be4 Re8 33. Bf3 c2 34. Bb2 Bc3 35. Ba3 Rb8 36.
d6 Bb2 37. Bxb2 Rxb2 38. d7 c1=Q+ 0-1

[Event "Early-Titled-Tuesday-Blitz-February-27-2024"]
[Site "Chess.com"]
[Date "2024.02.27"]
[Round "5"]
[White "Susal_De_Silva"]
[Black "Lukianoo"]
[Result "0-1"]
[WhiteElo "2618"]
[BlackElo "2843"]
[TimeControl "180+1"]
[EndTime "8:51:35 PST"]
[Termination "Lukianoo won by resignation"]

1. e4 c6 2. d4 d5 3. Nc3 g6 4. Nf3 Bg7 5. Be2 Nh6 6. O-O O-O 7. h3 f6 8. e5 fxe5 9. Nxe5 Nf7 10. Nxf7 Rxf7 11.
Be3 Nd7 12. Nb1 e5 13. dxe5 Nxe5 14. Nd2 Bxh3 15. gxh3 d4 16. Nc4 dxe3 17. Nxe5 exf2+ 18. Kg2 Qg5+ 19. Ng4 Rd8 20. Qc1 Qd5+ 21. Kg3 Be5+ 22. Kh4 Bf4 23. Nh6+ Kg7 24. Nxf7 g5+ 0-1

[Event "Early-Titled-Tuesday-Blitz-February-27-2024"]
[Site "Chess.com"]
[Date "2024.02.27"]
[Round "5"]
[White "RandomNoob04"]
[Black "GilbertoHernandezAmura"]
[Result "1-0"]
[WhiteElo "2631"]
[BlackElo "2460"]
[TimeControl "180+1"]
[EndTime "8:51:37 PST"]
[Termination "RandomNoob04 won by checkmate"]

1. e4 c6 2. d4 d5 3. Nc3 dxe4 4. Nxe4 Nf6 5. Ng5 h6 6. Nxf7 Kxf7 7. Nf3 Nbd7 8. Bd3 e6 9. O-O Bd6 10. Re1 Re8 11.
Ne5+ Bxe5 12. dxe5 Nd5 13. Qh5+ Kg8 14. Bxh6 Nf8 15.
Bg5 Qd7 16. Re4 Qf7 17. Qh3 Ng6 18. Rg4 Nf8 19. Rh4 Qc7 20. Rh8+ Kf7 21. Qh5+ g6 22.
Bxg6+ Nxg6 23. Qh7# 1-0

[Event "Early-Titled-Tuesday-Blitz-February-27-2024"]
[Site "Chess.com"]
[Date "2024.02.27"]
[Round "5"]
[White "destroyer305"]
[Black "Alina_Gumerovna"]
[Result "1-0"]
[WhiteElo "2392"]
[BlackElo "2084"]
[TimeControl "180+1"]
[EndTime "8:51:41 PST"]
[Termination "destroyer305 won on time"]

1. e4 e5 2. Nf3 Nf6 3. d3 d5 4.
Nbd2 dxe4 5. dxe4 Bc5 6. Bd3 O-O 7. O-O h6 8. h3 Nc6 9. a4 a5 10. Nb3 Bb6 11. Qe2 Nh5 12. Rd1 Qe7 13. Be3 Bxe3 14. Qxe3 Nf4 15. Rd2 Bxh3 16. gxh3 Nxh3+ 17. Kh2 Nf4 18. Rg1 Qe6 19. Rg3 Ne7 20. Nc5 Qf6 21. Nd7 Qe6 22. Nxf8 Rxf8 23. Bf1 f5 24. exf5 Rxf5 25.
Qe4 Rh5+ 26. Kg1 Nf5 27. Bc4 Qxc4 28. Qxc4+ Kh7 29. Qe4 g6 30. Nxe5 1-0

[Event "Early-Titled-Tuesday-Blitz-February-27-2024"]
[Site "Chess.com"]
[Date "2024.02.27"]
[Round "5"]
[White "ExchangeAB"]
[Black "Sam_ChessMood"]
[Result "1/2-1/2"]
[WhiteElo "2533"]
[BlackElo "2936"]
[TimeControl "180+1"]
[EndTime "8:51:44 PST"]
[Termination "Game drawn by agreement"]

1. d4 Nf6 2. Nf3 g6 3. c3 Bg7 4. Bf4 O-O 5. h3 d6 6. e3 b6 7. Be2 Bb7 8. O-O c5 9. Bh2 Nbd7 10. Nfd2 Re8 11. a4 a6 12. Bf3 d5 13. Be2 e5 14.
dxe5 Nxe5 15. Nf3 Ned7 16. Nbd2 Qe7 17. Re1 h6 18. Bf1 Ne4 19. Qc2 Rad8 20. Nxe4 dxe4 21.
Nd2 Be5 22. Nc4 Bxh2+ 23. Kxh2 Ne5 24. Nxe5 Qxe5+ 25. Kg1 Rd6 26. Red1 Red8 27. Be2 a5 28. Rxd6 Rxd6 29. Rd1 Kg7 30. Rxd6 Qxd6 31. Qd1 Qxd1+ 32. Bxd1 Bc6 33. Kf1 f5 34. h4 Kf6 35. g3 g5 36.
hxg5+ hxg5 37. Ke1 Ke5 38. Kd2 f4 39. gxf4+ gxf4 40. Bc2 f3 41. c4 Bd7 42. b3 Bf5 43. Bd1 Kf6 44. Bc2 Kg5 45. Bd1 Kh4 46. Bc2 Kh3 47. Bd1 Kg2 48. Ke1 Kg1 49. Bc2 Kh2 50. Bd1 Kh3 51. Bc2 Kh4 52. Bd1 Kg5 53. Bc2 Kf6 54. Kd2 Ke5 55. Kc3 Bh3 56. Kd2 Bf1 57. Kc3 Bh3 58. Kd2 1/2-1/2

[Event "Early-Titled-Tuesday-Blitz-February-27-2024"]
[Site "Chess.com"]
[Date "2024.02.27"]
[Round "5"]
[White "GMJustin"]
[Black "only_strong_moves"]
[Result "1-0"]
[WhiteElo "2345"]
[BlackElo "2619"]
[TimeControl "180+1"]
[EndTime "8:51:44 PST"]
[Termination "GMJustin won by resignation"]

1. e4 e5 2. Nf3 Nc6 3. a3 Nf6 4.
Nc3 Bc5 5. Nxe5 Nxe5 6. d4 d6 7. dxc5 dxc5 8. Qxd8+ Kxd8 9. f4 Nc6 10. e5 Re8 11. Be2 Nd7 12. O-O f6 13. Bd3 g6 14.
exf6 Nxf6 15. f5 gxf5 16. Bg5 Re6 17. Bxf5 Rd6 18. Ne4 Ke7 19. Nxd6 1-0

[Event "Early-Titled-Tuesday-Blitz-February-27-2024"]
[Site "Chess.com"]
[Date "2024.02.27"]
[Round "5"]
[White "Beca95"]
[Black "chess94cu"]
[Result "1-0"]
[WhiteElo "2906"]
[BlackElo "2688"]
[TimeControl "180+1"]
[EndTime "8:51:56 PST"]
[Termination "Beca95 won by resignation"]

1. e4 e5 2. Nf3 Nc6 3. Bb5 a6 4. Ba4 Nf6 5. d3 b5 6. Bb3 d6 7.
a3 Be7 8. Nc3 Bg4 9. Be3 O-O 10.
h3 Be6 11. Nd5 Bxd5 12. exd5 Nb8 13. c4 c6 14. a4 b4 15. a5 c5 16. Nd2 Nbd7 17.
g4 Ne8 18. Ne4 Nef6 19. Nd2 Ne8 20. Ba4 Nc7 21. Bc6 Rb8 22. Ne4 Nf6 23. Ng3 Nfe8 24. h4 Bxh4 25. Ne4 Nf6 26. Nxd6 Bxf2+ 27. Bxf2 Qxd6 28.
g5 Nfe8 29. Qh5 Qg6 30. Qxg6 hxg6 31. Bxc5 f5 32. Bxf8 Kxf8 33. Rh8+ Kf7 34. d6 1-0

[Event "Early-Titled-Tuesday-Blitz-February-27-2024"]
[Site "Chess.com"]
[Date "2024.02.27"]
[Round "5"]
[White "giomar27"]
[Black "BeardedNM"]
[Result "0-1"]
[WhiteElo "2412"]
[BlackElo "2238"]
[TimeControl "180+1"]
[EndTime "8:51:56 PST"]
[Termination "BeardedNM won by checkmate"]

1. d4 e6 2. Nc3 d5 3. Bf4 Nf6 4. e3 c5 5. g4 Bd6 6. g5 Bxf4 7. gxf6 Bh6 8. fxg7 Bxg7 9. Nf3 Nc6 10. Rg1 Bf6 11. Bb5 Bd7 12. Bxc6 bxc6 13. Ne5 Rb8 14. Qh5 Qe7 15.
e4 cxd4 16. Ne2 Rxb2 17. Nxd7 Qb4+ 18. Kf1 Rb1+ 19. Rxb1 Qxb1+ 20. Kg2 Rg8+ 21. Kh3 Rxg1 22. Nxf6+ Ke7 23. Qh4 Qf1# 0-1

[Event "Early-Titled-Tuesday-Blitz-February-27-2024"]
[Site "Chess.com"]
[Date "2024.02.27"]
[Round "5"]
[White "Practical-Play"]
[Black "ljuks68"]
[Result "1-0"]
[WhiteElo "2584"]
[BlackElo "2418"]
[TimeControl "180+1"]
[EndTime "8:51:58 PST"]
[Termination "Practical-Play won by resignation"]

1. e4 e6 2. Nf3 d5 3. Nc3 Nf6 4.
e5 Nfd7 5. d4 c5 6. dxc5 Nc6 7.
Bf4 Nxc5 8. Qd2 Bd7 9. h4 Qa5 10. Be2 h6 11. O-O Be7 12. a3 Qd8 13. Rad1 a5 14. h5 f5 15. exf6 Bxf6 16. Nb5 Ne4 17. Qe3 O-O 18. c4 Bxb2 19. cxd5 exd5 20. Rxd5 Nf6 21.
Rd2 Re8 22. Qb3+ 1-0

[Event "Early-Titled-Tuesday-Blitz-February-27-2024"]
[Site "Chess.com"]
[Date "2024.02.27"]
[Round "5"]
[White "orkinyo12345"]
[Black "Fjal"]
[Result "1-0"]
[WhiteElo "2471"]
[BlackElo "2246"]
[TimeControl "180+1"]
[EndTime "8:51:59 PST"]
[Termination "orkinyo12345 won by resignation"]

1. c4 e5 2. Nc3 d6 3. g3 g6 4. Bg2 Bg7 5. Nf3 Nf6 6. O-O O-O 7. d4 Nbd7 8. e4 c6 9. Be3 Qe7 10. Re1 a5 11. h3 h6 12. Qd2 Kh7 13. Rad1 a4 14. Qc2 Rd8 15. c5 dxc5 16. dxe5 Ne8 17. Nxa4 Nxe5 18. Nxe5 Rxd1 19. Rxd1 Qxe5 20. Nb6 Rb8 21.
Bf4 1-0

[Event "Early-Titled-Tuesday-Blitz-February-27-2024"]
[Site "Chess.com"]
[Date "2024.02.27"]
[Round "5"]
[White "BursaBBSatranc"]
[Black "Fandorine"]
[Result "0-1"]
[WhiteElo "2634"]
[BlackElo "2904"]
[TimeControl "180+1"]
[EndTime "8:52:01 PST"]
[Termination "Fandorine won by resignation"]

1. d4 Nf6 2. Bf4 d6 3. e3 g6 4.
h3 Bg7 5. Nf3 O-O 6. Be2 c5 7.
c3 Qb6 8. Qb3 Be6 9. Qxb6 axb6 10. a3 Bd5 11. Nbd2 Bc6 12. O-O Nbd7 13. Rac1 b5 14.
Bh2 Nb6 15. dxc5 dxc5 16. Ne5 c4 17. Nxc6 bxc6 18. Bf3 Rfc8 19. Ne4 Nfd5 20. Nc5 e6 21. Rfd1 Bf8 22. Ne4 Na4 23. Rc2 f5 24. Ng5 Re8 25.
e4 fxe4 26. Bxe4 Bg7 27. Re1 Nxb2 28. Bxd5 exd5 0-1

[Event "Early-Titled-Tuesday-Blitz-February-27-2024"]
[Site "Chess.com"]
[Date "2024.02.27"]
[Round "5"]
[White "mertfelin"]
[Black "hakanazeri2"]
[Result "0-1"]
[WhiteElo "2313"]
[BlackElo "2607"]
[TimeControl "180+1"]
[EndTime "8:52:02 PST"]
[Termination "hakanazeri2 won by resignation"]

1. e4 c5 2. Nf3 d6 3. d4 cxd4 4. Nxd4 Nf6 5. Nc3 a6 6. Rg1 b5 7.
a4 b4 8. Nd5 Bb7 9. Bc4 Nbd7 10.
a5 e6 11. Nxf6+ Nxf6 12. Qe2 Nxe4 13. f3 Nc5 14. c3 d5 15. Ba2 Qxa5 16. Bd2 b3 17. c4 Qa4 18. cxd5 Qxd4 19. Be3 Qd3 20. Qf2 bxa2 21. Rxa2 Qb1+ 22. Ke2 Qxa2 23. Bd4 Qc4+ 24.
Ke1 Nd3+ 0-1

[Event "Early-Titled-Tuesday-Blitz-February-27-2024"]
[Site "Chess.com"]
[Date "2024.02.27"]
[Round "5"]
[White "Alen_Yeremyann"]
[Black "Alblooshi_Hamad"]
[Result "1-0"]
[WhiteElo "2809"]
[BlackElo "2159"]
[TimeControl "180+1"]
[EndTime "8:52:02 PST"]
[Termination "Alen_Yeremyann won by resignation"]

1. g3 Nf6 2. Bg2 g6 3. e4 d6 4. d4 Bg7 5. Ne2 O-O 6. O-O e5 7.
c4 Nc6 8. d5 Ne7 9. Nbc3 c6 10.
h3 cxd5 11. cxd5 a6 12. a4 Bd7 13. a5 Ne8 14. Be3 f5 15. Qd2 Nf6 16. Kh2 fxe4 17.
Nxe4 Nxe4 18. Bxe4 Nf5 19. Nc3 Nxe3 20. Qxe3 Qc8 21. Bg2 Qc4 22. Ne4 Qb4 23. Qc3 Qxc3 24. bxc3 Bb5 25. Rfd1 Rfd8 26. Bf1 Bxf1 27. Rxf1 Rac8 28.
Rab1 Kf7 29. Rxb7+ Kf8 30. Rfb1 Rc4 31. Ng5 1-0

[Event "Early-Titled-Tuesday-Blitz-February-27-2024"]
[Site "Chess.com"]
[Date "2024.02.27"]
[Round "5"]
[White "lagunanivaria"]
[Black "GoValya"]
[Result "0-1"]
[WhiteElo "2430"]
[BlackElo "2286"]
[TimeControl "180+1"]
[EndTime "8:52:03 PST"]
[Termination "GoValya won by checkmate"]

1. c3 Nf6 2. d4 d5 3. Bf4 g6 4.
Nf3 c5 5. e3 Bg7 6. dxc5 O-O 7.
Be2 Ne4 8. Kf1 Nxc5 9. h3 Nc6 10. Kg1 e5 11. Bg3 f5 12. Kh2 g5 13. b4 Ne4 14.
Kg1 f4 15. Bh2 Ne7 16. Nfd2 Nxf2 17. Kxf2 fxe3+ 18. Ke1 exd2+ 19. Nxd2 Nf5 20. Nf1 e4 21. Bg4 Bxc3+ 22. Ke2 Nd4+ 23. Ke3 Qb6 24. Rc1 Nc2+ 25. Ke2 Qf2# 0-1

[Event "Early-Titled-Tuesday-Blitz-February-27-2024"]
[Site "Chess.com"]
[Date "2024.02.27"]
[Round "5"]
[White "rezamahdavi2008"]
[Black "CaspiIsrael"]
[Result "1-0"]
[WhiteElo "2891"]
[BlackElo "2674"]
[TimeControl "180+1"]
[EndTime "8:52:05 PST"]
[Termination "rezamahdavi2008 won on time"]

1. d4 Nf6 2. Nf3 d5 3. c4 e6 4.
Nc3 dxc4 5. e4 b5 6. e5 Nd5 7. Nxb5 Nb6 8. Be2 Be7 9. O-O Nc6 10. Be3 Ba6 11. Nc3 Rb8 12. a3 O-O 13. Qc2 Na5 14.
Rad1 Nd5 15. Nxd5 Qxd5 16. Nd2 Qb5 17. Rb1 c5 18. dxc5 Bxc5 19. Bxc5 Qxc5 20. b4 Qxe5 21. Nf3 1-0

[Event "Early-Titled-Tuesday-Blitz-February-27-2024"]
[Site "Chess.com"]
[Date "2024.02.27"]
[Round "5"]
[White "vugarrasulov"]
[Black "IM_ArthurDW08"]
[Result "1-0"]
[WhiteElo "3016"]
[BlackElo "2837"]
[TimeControl "180+1"]
[EndTime "8:52:08 PST"]
[Termination "vugarrasulov won by resignation"]

1. e4 c5 2. Nf3 d6 3. d4 cxd4 4.
Nxd4 Nf6 5. Nc3 Bd7 6. Bg5 e6 7. Qd2 h6 8. Bxf6 Qxf6 9. Ndb5 Bxb5 10. Bxb5+ Nc6 11. O-O a6 12. Bxc6+ bxc6 13. f4 Be7 14. Kh1 O-O 15. Rae1 d5 16. f5 d4 17. Na4 e5 18.
Qd3 Rfb8 19. b3 a5 20. h3 Qh4 21. Nb2 Bg5 22. Nc4 Bf4 23. a4 Ra7 24. Rd1 g5 25.
fxg6 fxg6 26. Qf3 Rf7 27. Nxe5 1-0

[Event "Early-Titled-Tuesday-Blitz-February-27-2024"]
[Site "Chess.com"]
[Date "2024.02.27"]
[Round "5"]
[White "BrandonJiang123456"]
[Black "deepfear"]
[Result "0-1"]
[WhiteElo "2169"]
[BlackElo "1983"]
[TimeControl "180+1"]
[EndTime "8:52:08 PST"]
[Termination "deepfear won on time"]

1. e4 c5 2. Nf3 g6 3. d4 cxd4 4. Qxd4 Nf6 5. e5 Nc6 6. Qd2 Ng4 7. Qc3 Qb6 8. Be3 Nxe3 9. e6 Ng4 10. exf7+ Kxf7 11. Ng5+ Kg8 12. Bc4+ e6 13. O-O Qd4 14. Qf3 Nce5 0-1

[Event "Early-Titled-Tuesday-Blitz-February-27-2024"]
[Site "Chess.com"]
[Date "2024.02.27"]
[Round "5"]
[White "NM_Antelacus"]
[Black "manitodeplomo"]
[Result "0-1"]
[WhiteElo "2258"]
[BlackElo "2651"]
[TimeControl "180+1"]
[EndTime "8:52:11 PST"]
[Termination "manitodeplomo won by resignation"]

1. e4 c5 2. Nf3 e6 3. c3 d5 4. e5 Nc6 5. d4 Bd7 6. a3 Rc8 7. Bd3 cxd4 8. cxd4 Qb6 9. Bc2 g5 10. h3 Nxd4 11. Nxd4 Bc5 12. Ne2 Bxf2+ 13. Kf1 f6 14.
Nbc3 fxe5 15. Bxg5 Ne7 16. Bxe7 Kxe7 17. Rb1 Rhf8 18.
Qd3 e4 19. Nxe4 dxe4 20. Qxe4 Bg3+ 0-1

[Event "Early-Titled-Tuesday-Blitz-February-27-2024"]
[Site "Chess.com"]
[Date "2024.02.27"]
[Round "5"]
[White "GeorgiosSouleidis"]
[Black "ValeriyGrinev"]
[Result "1/2-1/2"]
[WhiteElo "2711"]
[BlackElo "2578"]
[TimeControl "180+1"]
[EndTime "8:52:12 PST"]
[Termination "Game drawn by repetition"]

1. e4 c5 2. Be2 Nc6 3. d3 g6 4.
f4 Bg7 5. Nf3 Nf6 6. O-O d5 7. e5 Ng4 8. c3 h5 9. d4 cxd4 10.
Nxd4 Qb6 11. Na3 a6 12. Nc2 e6 13. h3 Nh6 14. Kh2 Nf5 15. Nxf5 gxf5 16. Rb1 h4 17. Be3 Qa5 18. a3 Bd7 19. b4 Qd8 20. Nd4 Nxd4 21.
Bxd4 Bf8 22. a4 b5 23. a5 Be7 24. Bd3 Qc7 25. Qe2 Qc6 26. Rbc1 O-O-O 27. Qe3 Rdg8 28.
Rf3 Rg6 29. Rc2 Kb7 30. Qe1 Rhg8 31. Rcf2 Qc8 32. Qe3 Bc6 33. Bf1 R8g7 34. Kh1 Rg8 35. Kh2 R8g7 36. Kh1 Rg8 37. Kh2 1/2-1/2

[Event "Early-Titled-Tuesday-Blitz-February-27-2024"]
[Site "Chess.com"]
[Date "2024.02.27"]
[Round "5"]
[White "amelia91"]
[Black "publicaccountcze"]
[Result "0-1"]
[WhiteElo "1975"]
[BlackElo "2242"]
[TimeControl "180+1"]
[EndTime "8:52:13 PST"]
[Termination "publicaccountcze won by resignation"]

1. d4 d5 2. Nf3 Nf6 3. e3 e6 4. Bd3 c5 5. Nc3 Nc6 6. dxc5 Bxc5 7. O-O O-O 8. b3 e5 9. Bb5 Bg4 10. Be2 Qd7 11. Bb2 Rfd8 12. h3 Bf5 13. Na4 Bd6 14. c4 Bxh3 15. gxh3 Qxh3 16. Nh2 e4 17. f4 exf3 18.
Nxf3 Qg3+ 19. Kh1 Ng4 20. cxd5 Qh3+ 21. Kg1 Nxe3 0-1

[Event "Early-Titled-Tuesday-Blitz-February-27-2024"]
[Site "Chess.com"]
[Date "2024.02.27"]
[Round "5"]
[White "MikeSailer"]
[Black "Grandmaster1369"]
[Result "0-1"]
[WhiteElo "2166"]
[BlackElo "2763"]
[TimeControl "180+1"]
[EndTime "8:52:14 PST"]
[Termination "Grandmaster1369 won by resignation"]

1. d4 Nf6 2. Nf3 e6 3. Bf4 c5 4. e3 Nc6 5. c3 d5 6. Be2 Bd6 7. O-O O-O 8. Nbd2 b6 9. Ne5 Bb7 10. Nxc6 Bxc6 11. Bxd6 Qxd6 12. a3 e5 13. b4 cxd4 14.
cxd4 exd4 15. exd4 Qf4 16. Nf3 Rfe8 17. Re1 Ne4 18.
Rc1 Bd7 19. h3 Re6 20. Rf1 Rh6 21. Ne5 Bxh3 22. Bf3 Bxg2 0-1

[Event "Early-Titled-Tuesday-Blitz-February-27-2024"]
[Site "Chess.com"]
[Date "2024.02.27"]
[Round "5"]
[White "Klavdia_Nik"]
[Black "davigator"]
[Result "0-1"]
[WhiteElo "2128"]
[BlackElo "2403"]
[TimeControl "180+1"]
[EndTime "8:52:17 PST"]
[Termination "davigator won on time"]

1. Nf3 Nf6 2. c4 g6 3. b3 Bg7 4. Bb2 O-O 5. g3 a5 6. Nc3 c6 7. Bg2 d6 8. d4 Na6 9. O-O Bf5 10. Nh4 Bd7 11. Re1 e5 12. e4 Bg4 13. f3 Bc8 14. Ne2 Qc7 15. Qd2 Re8 16. Rad1 Nb4 17. a3 Na6 18. g4 Nd7 19. Ng3 Nf8 20. Bf1 Qe7 21. Ng2 Ne6 22. d5 Nd4 23. Bxd4 exd4 24. dxc6 bxc6 25. Nf4 Nc5 26. Rb1 Bh6 27. Nge2 d3 0-1

[Event "Early-Titled-Tuesday-Blitz-February-27-2024"]
[Site "Chess.com"]
[Date "2024.02.27"]
[Round "5"]
[White "LiadCuba"]
[Black "Alexei_Gubajdullin"]
[Result "0-1"]
[WhiteElo "2494"]
[BlackElo "2645"]
[TimeControl "180+1"]
[EndTime "8:52:18 PST"]
[Termination "Alexei_Gubajdullin won on time"]

1. d4 Nf6 2. c4 g6 3. Nc3 Bg7 4. e4 d6 5. Be2 O-O 6. Be3 Na6 7.
h4 e5 8. d5 Nc5 9. Qc2 a5 10. h5 Nxh5 11. Bxh5 gxh5 12. Rxh5 Qe8 13. Bh6 f6 14. Rh2 Qg6 15. Bxg7 Qxg7 16. Nge2 f5 17. Ng3 fxe4 18. Ncxe4 Nxe4 19. Nxe4 Bf5 20. O-O-O a4 21. Rdh1 a3 22. b3 Bg6 23. f3 Rf4 24. Rh4 Raf8 25. Qd3 Bxe4 26. fxe4 Rxh4 27. Rxh4 Qxg2 0-1

[Event "Early-Titled-Tuesday-Blitz-February-27-2024"]
[Site "Chess.com"]
[Date "2024.02.27"]
[Round "5"]
[White "talaicito"]
[Black "JonSnowNW1"]
[Result "0-1"]
[WhiteElo "2279"]
[BlackElo "2508"]
[TimeControl "180+1"]
[EndTime "8:52:22 PST"]
[Termination "JonSnowNW1 won by checkmate"]

1. d4 d5 2. Nc3 Nf6 3. Bf4 c6 4.
e3 Nbd7 5. Nf3 e6 6. Ne5 Nxe5 7.
dxe5 Nd7 8. Qg4 Qb6 9. O-O-O Qb4 10. Qg3 a5 11. Rd4 Qc5 12. Be2 b5 13. Rhd1 a4 14.
e4 a3 15. exd5 axb2+ 16. Kb1 cxd5 17. Nxb5 Ba6 18. Ra4 Rc8 19. Qb3 Bxb5 20. Bxb5 Be7 21. Bxd7+ Kxd7 22. c4 Rb8 23. Qd3 Rhc8 24. cxd5 Qc1+ 25.
Bxc1 bxc1=Q# 0-1

[Event "Early-Titled-Tuesday-Blitz-February-27-2024"]
[Site "Chess.com"]
[Date "2024.02.27"]
[Round "5"]
[White "Ramla2020"]
[Black "DonJuanEGenaro"]
[Result "1-0"]
[WhiteElo "2401"]
[BlackElo "2019"]
[TimeControl "180+1"]
[EndTime "8:52:23 PST"]
[Termination "Ramla2020 won by resignation"]

1. c4 e6 2. Nf3 c5 3. d4 d5 4. cxd5 exd5 5. Nc3 Nc6 6. e3 Nf6 7. Bb5 Bd6 8. dxc5 Bxc5 9. h3 O-O 10. O-O a6 11. Be2 Bf5 12. Nd4 Nxd4 13. exd4 Bd6 14.
Bf3 Bc7 15. Ne2 Qd6 16. Bf4 Qd8 17. Be5 Ne4 18. Rc1 Bxe5 19. dxe5 Qe7 20. Nc3 Nxc3 21. Rxc3 Rfd8 22. Qd4 Be6 23. Rfc1 Rac8 24. Be2 Rxc3 25. Rxc3 Qd7 26. f4 Rc8 27. g4 Rxc3 28. bxc3 g6 29.
Bd3 Qa4 30. Qxa4 1-0

[Event "Early-Titled-Tuesday-Blitz-February-27-2024"]
[Site "Chess.com"]
[Date "2024.02.27"]
[Round "5"]
[White "Kostya0705"]
[Black "ChadBiryani"]
[Result "1-0"]
[WhiteElo "2579"]
[BlackElo "2415"]
[TimeControl "180+1"]
[EndTime "8:52:26 PST"]
[Termination "Kostya0705 won on time"]

1. e4 d6 2. d4 Nf6 3. Nc3 e5 4. Nf3 Nbd7 5. Bc4 Be7 6. a4 O-O 7. O-O c6 8. Ba2 h6 9. h3 Re8 10. Re1 Qc7 11. Be3 exd4 12. Bxd4 Nc5 13. e5 dxe5 14.
Bxe5 Qd7 15. Qc1 a5 16. Qf4 Qf5 17. Qh2 Nfe4 18. Ne2 Qh7 19. Ned4 Bf8 20. Qf4 Be6 21. Nxe6 fxe6 22. Nd4 g5 23. Qg4 Qf7 24. Rxe4 Nxe4 25. Qxe4 Rad8 26. Qg4 Bc5 27. Nxe6 Qxf2+ 28. Kh1 Rxe6 29.
Bxe6+ Kh7 30. Qe4+ 1-0

[Event "Early-Titled-Tuesday-Blitz-February-27-2024"]
[Site "Chess.com"]
[Date "2024.02.27"]
[Round "5"]
[White "Flaccidmoves"]
[Black "Batica1984"]
[Result "0-1"]
[WhiteElo "2445"]
[BlackElo "2746"]
[TimeControl "180+1"]
[EndTime "8:52:28 PST"]
[Termination "Batica1984 won by resignation"]

1. e4 c5 2. Nf3 e6 3. d4 cxd4 4.
Nxd4 Nc6 5. Nc3 Qc7 6. g3 a6 7. Bg2 Nf6 8. O-O Bc5 9. Be3 Ne5 10. h3 b5 11. Ndxb5 axb5 12. Nxb5 Qb6 13. Bxc5 Qxc5 14. Nd6+ Ke7 15. Nxc8+ Rhxc8 16. c3 Rab8 17. Qe2 Qb5 18. Qxb5 Rxb5 19. f4 Nd3 20. e5 Nd5 21. a4 Rxb2 22.
Bxd5 exd5 23. a5 Rxc3 24. a6 Rcc2 25. Rf3 Rg2+ 26. Kh1 Rh2+ 27. Kg1 Rbg2+ 28. Kf1 Nc5 29. a7 Rh1+ 30. Kxg2 Rxa1 31. Rd3 Nxd3 0-1

[Event "Early-Titled-Tuesday-Blitz-February-27-2024"]
[Site "Chess.com"]
[Date "2024.02.27"]
[Round "5"]
[White "FairChess_on_YouTube"]
[Black "AlexeiShirov"]
[Result "1-0"]
[WhiteElo "3108"]
[BlackElo "2858"]
[TimeControl "180+1"]
[EndTime "8:52:34 PST"]
[Termination "FairChess_on_YouTube won by resignation"]

1. d4 d5 2. c4 c6 3. Nf3 Nf6 4. Qc2 dxc4 5. e4 b5 6. b3 Bg4 7. bxc4 Bxf3 8. gxf3 Qxd4 9. Bb2 Qc5 10. e5 Nfd7 11. e6 fxe6 12. Nd2 Na6 13. Ne4 Qf5 14.
cxb5 Nb4 15. Qb3 c5 16. Bc4 Nd5 17. Rg1 Ne5 18. Bxe5 Qxe5 19. Rd1 Rd8 20. Rg5 Qxh2 21. Bxd5 exd5 22. Rgxd5 Rxd5 23. Qxd5 1-0

[Event "Early-Titled-Tuesday-Blitz-February-27-2024"]
[Site "Chess.com"]
[Date "2024.02.27"]
[Round "5"]
[White "ricaurtelopezj1955"]
[Black "ReadySkate"]
[Result "0-1"]
[WhiteElo "2151"]
[BlackElo "2535"]
[TimeControl "180+1"]
[EndTime "8:52:36 PST"]
[Termination "ReadySkate won on time"]

1. e4 c5 2. d4 cxd4 3. c3 dxc3 4. Nxc3 Nc6 5. Bc4 d6 6. Nf3 a6 7. O-O Nf6 8. e5 dxe5 9. Qxd8+ Nxd8 10. Nxe5 e6 11. Rd1 Be7 12. Be3 b5 13. Bb3 O-O 14. Bb6 Bb7 15. Rd3 Nc6 16. Nd7 Rfe8 17. Rad1 Nb4 18.
Nxf6+ Bxf6 19. Rd7 Bc6 20. R7d6 Rac8 21. Ba5 Bxc3 22.
bxc3 Nd5 23. g3 Kf8 24. Bxd5 Bxd5 25. Rxa6 f6 0-1